 Dungeon Crawl Stone Soup version 0.16.2-12-gd0ad4c3 (webtiles) character file.

262 Burgundious the Conjurer (level 5, -1/31 HPs)
             Began as a High Elf Conjurer on Oct 5, 2015.
             Was an Initiate of Okawaru.
             Slain by Pikel
             ... wielding a +1 whip of freezing
              (6 damage)
             ... on level 3 of the Dungeon.
             The game lasted 00:07:55 (2501 turns).

Burgundious the Conjurer (High Elf Conjurer)        Turns: 2501, Time: 00:07:55

Health: -1/31      AC:  3    Str:  7    XL:     5   Next: 97%
Magic:  2/12       EV: 14    Int: 19    God:    Okawaru [......]
Gold:   94         SH:  0    Dex: 16    Spells: 3 memorised, 2 levels left

rFire  . . .     SeeInvis .     t - +2 short sword (venom)
rCold  . . .     Clarity  .     a - +1 robe
rNeg   . . .     SustAb   .     (no shield)
rPois  .         Gourm    .     (no helmet)
rElec  .         Spirit   .     (no cloak)
rCorr  .         Warding  .     (no gloves)
rMut   .         Stasis   .     (no boots)
MR     .....                    (no amulet)
Stlth  +++.......               (no ring)
                                v - +1 ring of evasion

@: not resistant to hostile enchantments, fairly stealthy
A: no striking features
a: Renounce Religion


You were on level 3 of the Dungeon.
You worshipped Okawaru.
Okawaru was noncommittal.
You were hungry.

You visited 1 branch of the dungeon, and saw 4 of its levels.

You collected 94 gold pieces.

Inventory:

Hand weapons
 e - a +0 short sword
 r - a +0 whip of venom
 t - a +2 short sword of venom (weapon)
Armour
 a - a +1 robe (worn)
Jewellery
 h - an uncursed ring of ice
 m - an uncursed ring of teleportation
 v - a +1 ring of evasion (left hand)
Scrolls
 l - 2 scrolls of identify
Potions
 d - 2 potions of cancellation
 i - a potion of lignification {unknown}
 j - 2 potions of heal wounds {unknown}
 k - a potion of haste {unknown}
 p - a potion of restore abilities {unknown}
 u - a potion of degeneration {unknown}
Books
 c - a book of Conjurations

   Spells                             Type                      Level
   a - Magic Dart                     Conjuration                  1
   b - Searing Ray                    Conjuration                  2
   c - Dazzling Spray                 Conjuration/Hexes            3
   d - Fulminant Prism                Conjuration/Hexes            4
   e - Iskenderun's Mystic Blast      Conjuration                  4
   f - Iskenderun's Battlesphere      Conjuration/Charms           5
Comestibles
 b - 2 bread rations
 o - 4 fruits
 s - a beef jerky


   Skills:
 - Level 2.1 Dodging
 + Level 6.0 Stealth
 - Level 2.4 Spellcasting
 - Level 6.0 Conjurations


You had 2 spell levels left.
You knew the following spells:

 Your Spells              Type           Power        Failure   Level  Hunger
a - Magic Dart            Conj           ####         1%          1    #......
b - Searing Ray           Conj           ####..       1%          2    ##.....
c - Dazzling Spray        Conj/Hex       ##......     14%         3    ###....


Dungeon Overview and Level Annotations

Branches:
Dungeon (4/15)
 Temple: D:4-7

Altars:
Okawaru

Annotations:
D:3 Pikel
D:4 Musteatbrain's ghost, average DsFi


Message History

Pikel closely misses you. The slave hits you.
The searing ray hits Pikel.
Pikel is moderately wounded.
Pikel closely misses you. The slave barely misses you.
Casting: Searing Ray
Confirm with . or Enter, or press ? or * to list all spells.
Aiming: Searing Ray
Press: ? - help, Shift-Dir - straight line, f/p - Pikel
Aim: Pikel, wielding a whip of freezing and wearing a robe (moderately wounded)
The searing ray hits Pikel.
Pikel is moderately wounded.
Pikel hits you with a whip of freezing!
* * * LOW HITPOINT WARNING * * *
Pikel freezes you.
* * * LOW HITPOINT WARNING * * *
The slave barely misses you.
The searing ray hits Pikel.
Pikel is heavily wounded.
Pikel hits you with a whip of freezing.
You die...

#.......# #.##.##.#
#.#.#.#.############
#..###...<†.#.......
#.#.#.#.###.#.#####.
##############.##.##.#
#.#.#####.
.....................#
#......##.
.###############.K####
###.##.##. .# #@## #.##.... .#
#p# ####....... .# ##.##
#.......### .# ♣#####♣♣P♣P##
#.......# [###♣♣♣♣P♣≈≈≈PPP≈P≈##
#.......#
..#P♣P≈≈≈♣♣♣♣≈≈≈≈≈≈≈###.......#
..≈≈≈P≈≈≈≈≈≈≈P≈≈≈≈≈P..#.......#
..............................#
≈.≈≈≈P≈≈≈≈≈P≈≈≈≈≈≈≈♣.##.......#


You could see Pikel and a slave.

Vanquished Creatures
  A hippogriff (D:3)
  An orc wizard (D:3)
  5 adders
  A giant mite (D:2)
  3 worms
  2 giant geckos
  8 orcs (D:3)
  A ball python (D:2)
  10 bats
  4 goblins
  3 hobgoblins
  A quokka (D:2)
  A giant newt (D:2)
  5 kobolds
  5 rats
51 creatures vanquished.

Notes
Turn   | Place    | Note
--------------------------------------------------------------
     0 | D:1      | Burgundious, the High Elf Conjurer, began the quest for the Orb.
     0 | D:1      | Reached XP level 1. HP: 11/11 MP: 4/4
   222 | D:1      | Reached XP level 2. HP: 17/17 MP: 1/6
   307 | D:1      | Reached skill level 5 in Conjurations
   311 | D:1      | Learned a level 2 spell: Searing Ray
   815 | D:2      | Reached XP level 3. HP: 21/21 MP: 4/8
  1178 | D:2      | Learned a level 3 spell: Dazzling Spray
  1244 | D:2      | Reached skill level 6 in Conjurations
  1680 | D:3      | Reached XP level 4. HP: 27/27 MP: 6/11
  1846 | D:3      | Found an iron altar of Okawaru.
  1858 | D:3      | Became a worshipper of Warmaster Okawaru
  1977 | D:3      | Noticed a hippogriff
  1988 | D:3      | Killed a hippogriff
  1988 | D:3      | Reached skill level 5 in Stealth
  1988 | D:3      | Reached XP level 5. HP: 26/31 MP: 3/12
  2460 | D:4      | Noticed Musteatbrain's ghost (average DsFi)
  2482 | D:4      | Noticed a slave
  2482 | D:4      | Noticed a slave
  2483 | D:4      | Noticed Pikel
  2484 | D:4      | Noticed a slave
  2484 | D:4      | Noticed a slave
  2501 | D:3      | Slain by Pikel

Action                   |  1- 3 |  4- 6 || total
-------------------------+-------+-------++-------
Melee: Unarmed           |     5 |       ||     5
       Short sword       |    19 |     5 ||    24
       Whip              |     1 |       ||     1
 Cast: Magic Dart        |    64 |    47 ||   111
       Searing Ray       |     1 |     6 ||     7
  Use: Scroll            |       |     5 ||     5
  Eat: Chunk             |     2 |     3 ||     5
